 Dungeon Crawl Stone Soup version 0.30.1-4-g462c640d31 (webtiles) character file.

Game seed: 6465293602167627396

7959 mortz the Thaumaturge (level 11, -8/68 HPs)
             Began as a Djinni Fire Elementalist on Sept 8, 2023.
             Was an Initiate of Gozag.
             Killed from afar by a deep elf zephyrmancer (30 damage)
             ... with a bolt of lightning
             ... on level 8 of the Dungeon.
             The game lasted 01:06:30 (10234 turns).

mortz the Thaumaturge (Djinni Fire Elementalist)   Turns: 10234, Time: 01:06:30

Health: -8/68      AC:  8    Str: 11    XL:     11   Next: 46%
Gold:   1239       EV: 13    Int: 24    God:    Gozag SH:  0 Dex: 21

rFire   + + +        k - +10 dagger "Sailiw" {elec, rF++ Int+2}
rCold   x . .        (no shield)
rNeg    . . .        M - +1 leather armour {rPois}
rPois   ∞            (no helmet)
rElec   .            x - +1 cloak
rCorr   .            C - +1 pair of gloves
SInv    .            (boots unavailable)
Will    +++..        (no amulet)
Stlth   +++          f - ring of Quqoxane {Will++ Int+6}
HPRegen 0.31/turn    y - +6 ring of dexterity
MPRegen 0.00/turn

%: infuse magic (-9 HP)
@: gold aura, flying, studying Stealth
A: sickness immunity, fire resistance 2, cold vulnerability 1, float, innate
caster, HP casting, extra vitality 1
a: Renounce Religion, Potion Petition, Call Merchant, Bribe Branch


You were on level 8 of the Dungeon.
You worshipped Gozag.
Gozag was most pleased with you.
You visited 2 branches of the dungeon, and saw 9 of its levels.
You also visited: Bailey.

You collected 1395 gold pieces.
You paid 156 gold pieces to Gozag.

Inventory:

Hand Weapons
 k - the +10 dagger "Sailiw" (weapon) {elec, rF++ Int+2}
   (You found it on level 2 of the Dungeon)

   Int:       It affects your intelligence (+2).
   rF:        It greatly protects you from fire.
 z - a +3 sling
 F - a +3 halberd of draining
Missiles
 b - a throwing net
 d - a boomerang
 h - 31 poisoned darts
Armour
 g - a +0 buckler
 x - a +1 cloak (worn)
 C - a +1 pair of gloves (worn)
 M - a +1 leather armour of poison resistance (worn)
 N - a +1 robe of willpower
Jewellery
 a - the ring "Bocvajeu" {Fly rElec}
   (You took it off a deep elf pyromancer on level 8 of the Dungeon)

   [ring of flight]

   rElec:     It insulates you from electricity.
   Fly:       It grants you flight.
 f - the ring of Quqoxane (left hand) {Will++ Int+6}
   (You acquired it in a bailey)

   [ring of intelligence]

   Int:       It affects your intelligence (+6).
   Will:      It greatly increases your willpower.
 i - a ring of willpower
 j - a ring of positive energy
 y - a +6 ring of dexterity (right hand)
 D - a ring of see invisible
Wands
 o - a wand of roots (24)
 w - a wand of charming (4)
 A - a wand of flame (12)
 B - a wand of polymorph (11)
Scrolls
 c - a scroll of brand weapon {unknown}
 n - a scroll of immolation {unknown}
 p - a scroll of enchant weapon {unknown}
 q - a scroll of fear {unknown}
 t - 2 scrolls of magic mapping
 u - 2 scrolls of fog
 v - 3 scrolls of teleportation
Potions
 e - 3 potions of curing
 l - 2 potions of degeneration {unknown}
 m - a potion of ambrosia {unknown}
 r - a potion of heal wounds
 s - a potion of resistance {unknown}
 E - a potion of haste {unknown}
 G - 2 potions of might
 H - 2 potions of brilliance
 I - 3 potions of magic
 J - 2 potions of cancellation {unknown}
 K - a potion of invisibility {unknown}
 L - 3 potions of mutation


   Skills:
 + Level 2.0 Fighting
 + Level 3.2 Short Blades
 + Level 2.2 Armour
 + Level 3.3 Dodging
 + Level 4.5 Stealth
 + Level 12.1 Spellcasting


You knew the following spells:

 Your Spells              Type           Power      Damage    Failure   Level
a - Summon Small Mammal   Summ           100%       N/A       1%          1
b - Passage of Golubria   Tloc           64%        N/A       1%          4
c - Volatile Blastmotes   Fire/Tloc      100%       2d18      1%          3
d - Freezing Cloud        Conj/Ice/Air   32%        6-21      1%          5
f - Foxfire               Conj/Fire      100%       2x1d9     1%          1
g - Blink                 Tloc           100%       N/A       1%          2
i - Inner Flame           Hex/Fire       64%        N/A       1%          3
m - Momentum Strike       Conj/Tloc      100%       3d10      1%          2
s - Scorch                Fire           100%       2d9       1%          2
w - Flame Wave            Conj/Fire      64%        2d15      1%          4
Your spell library was empty.

Dungeon Overview and Level Annotations

Branches:
Dungeon (8/15)             Temple (1/1) D:5          Bailey (visited)
   Lair: D:8-11

Altars:
Ashenzari
Cheibriados
Dithmenos
Fedhas
Gozag
Makhleb
Nemelex Xobeh
Okawaru
Ru
Trog
Uskayaw
Wu Jian
Xom
Yredelemnul
Zin
The Shining One

Annotations:
D:3 1 runed translucent door, Crazy Yiuf


Innate Abilities, Weirdness & Mutations

You are immune to sickness and miasma.
You are immune to poison.
Your flesh is very heat resistant. (rF++)
You are vulnerable to cold. (rC-)
You float through the air rather than walking.
You learn spells naturally, not from books.
Your magical power is your life essence.
You have superior vitality. (+4 MHP)


Message History

The orc warrior's fire resistance burns away.
The foxfire hits the orc!
You kill the orc!
The foxfire hits the bullfrog.
Flame seeps out of the bullfrog.
The bullfrog is lightly wounded.
The foxfire hits the bullfrog!
Flame seeps out of the bullfrog.
The bullfrog is heavily wounded.
The bullfrog is engulfed in blazing flames.
Flame seeps out of the bullfrog.
The orc warrior is engulfed in blazing flames.
Flame seeps out of the orc warrior.
The orc warrior closely misses you.
Casting: Scorch (safe; 1% risk of failure)
Confirm with . or Enter, or press ? or * to list all spells.
Flames lash the bullfrog.
The bullfrog explodes!
The fiery explosion engulfs you. You resist.
You hear a shout!
The centaur shoots an arrow.
The arrow closely misses you.
The orc warrior is engulfed in blazing flames.
Flame seeps out of the orc warrior.
The orc warrior barely misses you. The white imp gestures at you.
You hear a sizzling sound!
Casting: Scorch (safe; 1% risk of failure)
Confirm with . or Enter, or press ? or * to list all spells.
Flames lash the orc warrior.
The orc warrior is burned terribly!
The orc warrior explodes!
The centaur shoots an arrow.
The arrow hits you. The white imp gestures at you.
You hear a sizzling sound!
Casting: Scorch (safe; 1% risk of failure)
Confirm with . or Enter, or press ? or * to list all spells.
Aiming: Inner Flame (safe; 1% risk of failure)
Press: ? - help, Dir - move target, f - deep elf zephyrmancer
Aim: a deep elf zephyrmancer, wielding a +0 dagger and wearing a +0 scale mail (chance to affect: 89%)
The deep elf zephyrmancer is filled with an inner flame.
The centaur shoots an arrow.
The arrow hits you.
The deep elf zephyrmancer gestures at you while chanting.
The bolt of lightning hits you!! x2
You die...
Your body crumbles into a pile of gold.

...$.$...#####.#####
$$.$.$.............#
<[c$$$$.....$...$$.# $
.....e).###)..§$..$#
...$....###....#...###
#######$$$...§$#$...$
###.###$5e$#.#$#
......$.c§§§§[.#
###########§@#.# #§§#
# #..# ##.# ... ##..
##


You could see a deep elf zephyrmancer (inner flame), a centaur and a white imp.

Vanquished Creatures
  A hydra (D:8)
  A centaur warrior (D:8)
  A two-headed ogre (D:8)
  An orc knight (Bailey)
  A deep elf pyromancer (D:8)
  A komodo dragon (D:7)
  A tengu conjurer (D:8)
  Prince Ribbit (D:7)
  A wraith (D:8)
  A wyvern (D:7)
  A steam dragon (D:6)
  A vampire mosquito (D:8)
  Duvessa (D:7)
  2 water moccasins (D:7)
  4 orc warriors (D:8)
  A black bear (D:5)
  A sky beast (D:6)
  2 ice beasts
  2 ogres (D:6)
  3 centaurs
  A phantom (D:6)
  2 kobold brigands (D:7)
  A gnoll sergeant (D:5)
  3 bullfrogs
  4 scorpions
  10 wights
  Dowan (D:7)
  4 killer bees (D:8)
  A howler monkey (D:5)
  3 hounds
  2 orc priests
  5 sleepcaps
  9 iguanas
  10 orc wizards
  17 gnolls
  8 adders
  2 shadow imps (D:7)
  A white imp (D:6)
  An ufetubus (D:5)
  2 worms
  A dart slug (D:4)
  37 orcs
  8 bats
  6 endoplasms
  7 goblins
  5 hobgoblins
  3 jackals (D:3)
  20 kobolds
  3 quokkas
  10 ball pythons
  8 frilled lizards
  3 rats
226 creatures vanquished.

Vanquished Creatures (collateral kills)
  An adder (D:6)
1 creature vanquished.

Vanquished Creatures (others)
  541 foxfires
541 creatures vanquished.

Grand Total: 768 creatures vanquished

Notes
Turn   | Place    | Note
-------+----------+-------------------------------------------
     0 | D:1      | mortz the Djinni Fire Elementalist began the quest for the
                  | Orb.
     0 | D:1      | mortz set off with the following spells memorised: Foxfire,
                  | Scorch, Volatile Blastmotes, Inner Flame, Flame Wave.
     0 | D:1      | Reached XP level 1. HP: 15/15 MP: 0/0
    72 | D:1      | Reached XP level 2. HP: 20/21 MP: 0/0
   464 | D:1      | Reached skill level 3 in Spellcasting
   655 | D:2      | Reached XP level 3. HP: 23/25 MP: 0/0
   655 | D:2      | Learned a level 1 spell: Summon Small Mammal
   678 | D:2      | Identified the +10 dagger "Sailiw" {elec, rF++ Int+2}
   901 | D:2      | Reached XP level 4. HP: 25/31 MP: 0/0
   904 | D:2      | Reached skill level 1 in Short Blades
  1353 | D:3      | Found a shadowy altar of Dithmenos.
  1788 | D:3      | Found a shimmering altar of Xom.
  1899 | D:3      | Found a runed translucent door.
  1900 | D:3      | Noticed Crazy Yiuf
  2191 | D:4      | Reached XP level 5. HP: 9/35 MP: 0/0
  2191 | D:4      | Learned a level 2 spell: Blink
  2587 | D:4      | Found a glowing silver altar of Zin.
  2588 | D:4      | Found an opulent altar of Gozag.
  2602 | D:4      | Became a worshipper of Gozag Ym Sagoz the Greedy
  2810 | D:4      | Found a basalt altar of Yredelemnul.
  2824 | D:4      | Reached skill level 4 in Spellcasting
  3066 | D:4      | Reached XP level 6. HP: 35/41 MP: 0/0
  3712 | D:5      | Entered Level 5 of the Dungeon
  3872 | D:5      | Reached XP level 7. HP: 36/46 MP: 0/0
  3872 | D:5      | Learned a level 2 spell: Momentum Strike
  3939 | D:5      | Reached skill level 1 in Fighting
  3956 | D:5      | Reached skill level 5 in Spellcasting
  4199 | D:5      | Found a sparkling altar of Nemelex Xobeh.
  4626 | D:5      | Reached XP level 8. HP: 34/52 MP: 0/0
  4690 | D:5      | Found a staircase to the Ecumenical Temple.
  5178 | Temple   | Entered the Ecumenical Temple
  5379 | D:6      | Found an iron altar of Okawaru.
  5412 | D:6      | Found a blossoming altar of Fedhas.
  5463 | D:6      | Reached skill level 6 in Spellcasting
  5945 | D:6      | Reached skill level 7 in Spellcasting
  5969 | D:6      | Reached XP level 9. HP: 50/57 MP: 0/0
  5969 | D:6      | Learned a level 4 spell: Passage of Golubria
  6410 | D:7      | Reached skill level 8 in Spellcasting
  6777 | D:7      | Noticed a komodo dragon
  6780 | D:7      | Killed a komodo dragon
  6823 | D:7      | Reached skill level 9 in Spellcasting
  6835 | D:7      | Reached XP level 10. HP: 44/64 MP: 0/0
  6860 | D:7      | Noticed Prince Ribbit
  6871 | D:7      | Found an ornate altar of the Wu Jian Council.
  6889 | D:7      | Found a flagged portal.
  6902 | Bailey   | Entered a bailey
  7339 | Bailey   | Noticed an orc knight
  7345 | Bailey   | Killed an orc knight
  7654 | Bailey   | Acquired a manual of Stealth
  7662 | Bailey   | Acquired the ring of Quqoxane {Will++ Int+6}
  7828 | D:7      | Reached skill level 10 in Spellcasting
  7928 | D:7      | Killed Prince Ribbit
  7959 | D:7      | Noticed Duvessa
  7964 | D:7      | Killed Duvessa
  7967 | D:7      | Noticed Dowan
  7972 | D:7      | Killed Dowan
  8530 | D:8      | Noticed a two-headed ogre
  8539 | D:8      | Killed a two-headed ogre
  8781 | D:8      | Noticed a centaur warrior
  8784 | D:8      | Identified the ring "Bocvajeu" {Fly rElec}
  8784 | D:8      | Noticed a deep elf pyromancer
  9090 | D:8      | Reached skill level 11 in Spellcasting
  9096 | D:8      | Reached skill level 1 in Armour
  9266 | D:8      | Reached XP level 11. HP: 64/68 MP: 0/0
  9266 | D:8      | Learned a level 5 spell: Freezing Cloud
  9310 | D:8      | Noticed an eight-headed hydra
  9315 | D:8      | Killed an eight-headed hydra
  9551 | D:8      | Killed a deep elf pyromancer
  9620 | D:8      | Noticed a centaur warrior
  9626 | D:8      | Killed a centaur warrior
  9627 | D:8      | Reached skill level 12 in Spellcasting
  9795 | D:8      | Noticed an orc sorcerer
  9996 | D:8      | Noticed a deep elf zephyrmancer
 10234 | D:8      | Killed from afar by a deep elf zephyrmancer

Illustrated notes

Levels and vault maps discovered:
D:1:      sevenhm_arrival_forest_fort_large_3, layout_rooms
D:2:      layout_loops_ring
D:3:      layout_basic, brannock_xom_greatest_gift, old_standard_altar,
          uniq_crazy_yiuf_cottage
D:4:      layout_gridville, grunt_temple_overflow_gold_and_silver,
          kennysheep_little_box
D:5:      layout_basic, nemelex_diamond_rough_becter,
          minmay_temple_entry_junction, hangedman_decor_peaks_small
D:6:      layout_basic, mainiacjoe_overflow_catwalk, okawaru_gym_becter
D:7:      layout_loops_cross, pdpol_wu_jian_five_deadly_venoms, enter_bailey_2,
          minmay_lizard_king, uniq_prince_ribbit1, uniq_duvessa
D:8:      minmay_the_grid_plus [minmay_the_grid_square_x,
          minmay_the_grid_tri_star, minmay_the_grid_rooms,
          minmay_the_grid_broken_lines, minmay_the_grid_prize_big_room],
          layout_rooms, mainiacjoe_overflow_alcove_1, eino_jars, uniq_psyche
Temple:   nicolae_temple_ecumenical_triangle

Skill      XL: |  1  2  3  4  5  6  7  8  9 10 11 |
---------------+----------------------------------+-----
Spellcasting   | 3 4 5 7 9 11 12 | 12.1
Short Blades   | 1 2 3 |  3.2
Stealth        | 2 3 4 |  4.5
Fighting       | 1 2 |  2.0
Dodging        | 3 |  3.3
Armour         | 1 2 |  2.2

Action                     |  1- 3 |  4- 6 |  7- 9 | 10-12 || total
---------------------------+-------+-------+-------+-------++-------
  Melee: Dagger            |     5 |    19 |    20 |    12 ||    56
         Punch             |       |       |       |     1 ||     1
   Cast: Foxfire           |    41 |   102 |    83 |    88 ||   314
         Scorch            |     1 |       |    14 |    46 ||    61
         Inner Flame       |       |     2 |    40 |    53 ||    95
         Summon Small Mamm |       |       |     5 |     1 ||     6
         Volatile Blastmot |       |       |     1 |       ||     1
         Flame Wave        |       |       |     1 |     2 ||     3
         Freezing Cloud    |       |       |       |     1 ||     1
         Momentum Strike   |       |       |       |     1 ||     1
 Invoke: Potion Petition   |       |       |     1 |       ||     1
    Use: Scroll            |       |     7 |     1 |     8 ||    16
         Potion            |       |       |     1 |     1 ||     2
 Armour: Robe              |     1 |       |     2 |     1 ||     4
         Leather armour    |       |       |       |     3 ||     3
  Dodge: Dodged            |     3 |    11 |     5 |    33 ||    52
